[Event "EUCC Open Blitz 2024"]
[Site "Miskolc"]
[Date "2024.07.13"]
[Round "4.2"]
[White "Atakishiyev, Elmar"]
[Black "Stauskas, Lukas"]
[Result "0-1"]
[ECO "E17"]
[WhiteElo "2356"]
[BlackElo "2362"]
[PlyCount "96"]
[EventDate "2024.07.08"]
[EventType "team-tourn"]
[EventCountry "HUN"]
[TimeControl "1500+10"]

1. d4 Nf6 2. c4 e6 3. Nf3 b6 4. g3 Bb7 5. Bg2 Be7 6. O-O O-O 7. Re1 Na6 8. b3 c5 9. Bb2 d6 10. Nc3 Ne4 11. Rc1 Nxc3 12. Bxc3 Be4 13. Qd2 Qc7 14. Qb2 Bf6 15. Rcd1 Rac8 16. d5 Bxc3 17. Qxc3 exd5 18. cxd5 Nb4 19. Qc4 Rfe8 20. Rd2 Qb7 21. Nh4 b5 22. Qc1 Bxg2 23. Nxg2 Nxd5 24. Red1 Nf6 25. Rxd6 c4 26. bxc4 bxc4 27. Qc2 h6 28. Nf4 c3 29. R6d3 Ne4 30. Re3 f5 31. Rb1 Qc6 32. h4 Nd2 33. Rxe8+ Rxe8 34. Rc1 Ne4 35. h5 Qc5 36. e3 Kh7 37. Rd1 Rb8 38. Rd5 Qc8 39. Rd1 Rb2 40. Qa4 Nxf2 41. Rc1 Ne4 42. Qa5 c2 43. Qe1 Qc5 44. Ng6 Rb1 45. Rxb1 cxb1=Q 46. Qxb1 Qxe3+ 47. Kh1 Qf3+ 48. Kg1 Qxg3+ 0-1

[Event "EUCC Open Blitz 2024"]
[Site "Miskolc"]
[Date "2024.07.13"]
[Round "4.3"]
[White "Kruckenhauser, Arthur"]
[Black "Gatineau, Yovann"]
[Result "0-1"]
[ECO "C08"]
[WhiteElo "2340"]
[BlackElo "2414"]
[PlyCount "106"]
[EventDate "2024.07.08"]
[EventType "team-tourn"]
[EventCountry "HUN"]
[TimeControl "1500+10"]

1. e4 e6 2. d4 d5 3. Nd2 c5 4. exd5 exd5 5. Bb5+ Bd7 6. Qe2+ Be7 7. dxc5 Nf6 8. Nb3 O-O 9. Nf3 Re8 10. Be3 Na6 11. c6 bxc6 12. Bxa6 c5 13. Bb5 d4 14. Bxd7 Qxd7 15. O-O dxe3 16. Qxe3 Bd6 17. Qd2 Rad8 18. Rad1 Qf5 19. Qg5 Qxc2 20. Rd2 Qc4 21. Rc1 Qb4 22. Rdc2 h6 23. Qf5 Rc8 24. Rc4 Qb7 25. h3 Bf8 26. Qc2 Rb8 27. Qf5 Re2 28. R4c2 Rbe8 29. Rxe2 Rxe2 30. Rc2 Qe7 31. Qd3 Rxc2 32. Qxc2 Qe6 33. Nbd2 Qxa2 34. Nc4 Qa6 35. Nfe5 Qe6 36. Qa4 Qd5 37. Qxa7 Ne4 38. Qa1 f6 39. Nf3 Qxc4 40. Qe1 Ng5 41. Nd2 Qd5 42. h4 Nf7 43. Nf3 Bd6 44. Qe8+ Kh7 45. Qe2 Ne5 46. Nd2 Qd3 47. Qe1 c4 48. Ne4 Bb4 49. Qxb4 Qxe4 50. b3 Qb1+ 51. Kh2 cxb3 52. h5 b2 53. Qf4 Qd3 0-1

[Event "EUCC Open Blitz 2024"]
[Site "Miskolc"]
[Date "2024.07.13"]
[Round "4.4"]
[White "Houhou, Alexandre"]
[Black "Leisch, Lukas"]
[Result "0-1"]
[ECO "C07"]
[WhiteElo "2148"]
[BlackElo "2394"]
[PlyCount "114"]
[EventDate "2024.07.08"]
[EventType "team-tourn"]
[EventCountry "HUN"]
[TimeControl "1500+10"]

1. e4 e6 2. d4 d5 3. Nd2 c5 4. Ngf3 cxd4 5. Nxd4 Nc6 6. Bb5 Bd7 7. Nxc6 bxc6 8. Bd3 Bd6 9. Qe2 e5 10. O-O Qe7 11. c4 d4 12. c5 Bxc5 13. Nc4 Nf6 14. f4 exf4 15. Bxf4 Ng4 16. Rac1 O-O 17. h3 Ne3 18. Nxe3 dxe3 19. Bxe3 Bxe3+ 20. Qxe3 a5 21. Qc5 Qh4 22. e5 Bxh3 23. Bxh7+ Qxh7 24. gxh3 Qxh3 25. Qxc6 Rae8 26. Qf3 Qxf3 27. Rxf3 Rxe5 28. Rc7 f6 29. Rg3 Rf7 30. Rc8+ Kh7 31. Kf2 g5 32. Rh3+ Kg6 33. Rch8 Rc7 34. R8h6+ Kf5 35. Rf3+ Kg4 36. Rg3+ Kf4 37. Rxf6+ Ke4 38. Re3+ Kd5 39. Rxe5+ Kxe5 40. Ra6 Rc5 41. a3 Kf4 42. b4 Rc2+ 43. Ke1 axb4 44. axb4 Rb2 45. Ra4 Kf3 46. Ra3+ Kg2 47. Ra4 g4 48. b5 g3 49. Rh4 Rxb5 50. Ke2 Re5+ 51. Kd2 Kf3 52. Rh8 g2 53. Rg8 Kf2 54. Rf8+ Kg3 55. Rg8+ Kf3 56. Rf8+ Kg4 57. Rg8+ Rg5 0-1

[Event "EUCC Open Blitz 2024"]
[Site "Miskolc"]
[Date "2024.07.13"]
[Round "4.5"]
[White "Isik, Alparslan"]
[Black "Muha, Miljenko"]
[Result "0-1"]
[ECO "E05"]
[WhiteElo "2469"]
[BlackElo "2245"]
[PlyCount "88"]
[EventDate "2024.07.08"]
[EventType "team-tourn"]
[EventCountry "HUN"]
[TimeControl "1500+10"]

1. Nf3 Nf6 2. c4 e6 3. g3 d5 4. d4 dxc4 5. Bg2 Be7 6. O-O O-O 7. Qc2 a6 8. a4 Bd7 9. Rd1 Bc6 10. Nc3 b5 11. axb5 axb5 12. Rxa8 Bxa8 13. Nxb5 Qd7 14. Qxc4 Bd5 15. Qd3 Be4 16. Qc4 Bd5 17. Qxc7 Qxb5 18. Qxe7 Qxe2 19. Re1 Qc2 20. Qc5 Qb3 21. Qc3 Qb7 22. Nh4 Nbd7 23. Bg5 Ne4 24. Bxe4 Bxe4 25. Be7 Rc8 26. Qb4 Qd5 27. Qd6 Qb7 28. Qb4 Qa8 29. Qa3 Qd5 30. Qe3 Bc2 31. Nf3 Ba4 32. Ne5 Nxe5 33. Qxe5 Qf3 34. Qe3 Qd5 35. f3 Bc6 36. Kf2 Bb7 37. Bc5 Bc6 38. b4 Ra8 39. Re2 Bb5 40. Rd2 Qc4 41. Qe1 Ra3 42. Kg2 h5 43. d5 exd5 44. Qe8+ Bxe8 0-1

[Event "EUCC Open Blitz 2024"]
[Site "Miskolc"]
[Date "2024.07.13"]
[Round "4.6"]
[White "Pavic, Filip"]
[Black "Kamer, Kayra"]
[Result "0-1"]
[ECO "B29"]
[WhiteElo "2248"]
[BlackElo "2316"]
[PlyCount "68"]
[EventDate "2024.07.08"]
[EventType "team-tourn"]
[EventCountry "HUN"]
[TimeControl "1500+10"]

1. e4 c5 2. Nf3 Nf6 3. e5 Nd5 4. Nc3 e6 5. Nxd5 exd5 6. c3 d6 7. d4 Bg4 8. h3 Bxf3 9. Qxf3 dxe5 10. dxe5 Nc6 11. Bb5 Be7 12. Qg3 g6 13. O-O Qd7 14. f4 a6 15. Be2 h5 16. Be3 O-O-O 17. Rfd1 Qe6 18. Bf3 d4 19. cxd4 Nxd4 20. Bxd4 Rxd4 21. Rxd4 cxd4 22. Qe1 Qb6 23. b3 Kb8 24. Kh1 Rd8 25. Rd1 d3 26. Qc3 Qd4 27. Qa5 d2 28. a3 Bc5 29. b4 Bb6 30. Qa4 Qxf4 31. Qb3 Qxe5 32. Qxf7 Qe1+ 33. Kh2 Bg1+ 34. Kh1 Bf2+ 0-1

[Event "EUCC Open Blitz 2024"]
[Site "Miskolc"]
[Date "2024.07.13"]
[Round "4.7"]
[White "Papp, Levente"]
[Black "Medve, Mark"]
[Result "1-0"]
[ECO "A20"]
[WhiteElo "2359"]
[BlackElo "2123"]
[PlyCount "62"]
[EventDate "2024.07.08"]
[EventType "team-tourn"]
[EventCountry "HUN"]
[TimeControl "1500+10"]

1. c4 e5 2. g3 Nf6 3. Bg2 Nc6 4. Nc3 Bb4 5. Nd5 Bc5 6. e3 Nxd5 7. cxd5 Ne7 8. Ne2 d6 9. b4 Bb6 10. Bb2 a5 11. a3 axb4 12. axb4 Rxa1 13. Qxa1 Bg4 14. Nc3 Qc8 15. O-O O-O 16. Rc1 Bd7 17. Qa2 Qa8 18. Qb3 c6 19. dxc6 bxc6 20. b5 Bc5 21. Ne4 Qb8 22. Nxc5 dxc5 23. Rxc5 cxb5 24. Bxe5 Qb6 25. Bd4 Qa6 26. h4 Rc8 27. Rg5 Nf5 28. Bc3 Be6 29. Qb2 h6 30. Rg4 b4 31. Bxg7 h5 1-0

[Event "EUCC Open Blitz 2024"]
[Site "Miskolc"]
[Date "2024.07.13"]
[Round "4.8"]
[White "Kovacs, Gabor Etele"]
[Black "Fodor, Balazs"]
[Result "0-1"]
[ECO "B51"]
[WhiteElo "2109"]
[BlackElo "2247"]
[PlyCount "34"]
[EventDate "2024.07.08"]
[EventType "team-tourn"]
[EventCountry "HUN"]
[TimeControl "1500+10"]

1. e4 c5 2. Nf3 d6 3. Bb5+ Nd7 4. d4 cxd4 5. Qxd4 a6 6. Bxd7+ Bxd7 7. c4 f5 8. Nc3 fxe4 9. Nxe4 Nf6 10. Nxf6+ gxf6 11. Qd5 e5 12. Qe4 Bc6 13. Qg4 Qd7 14. Qh5+ Qf7 15. Qf5 Rg8 16. O-O Qxc4 17. Qxf6 Qg4 0-1

[Event "EUCC Open Blitz 2024"]
[Site "Miskolc"]
[Date "2024.07.13"]
[Round "4.9"]
[White "Schiopu, Andreea-Alexandra"]
[Black "Veiga, Jose Francisco R P N"]
[Result "0-1"]
[ECO "A49"]
[WhiteElo "1829"]
[BlackElo "2385"]
[PlyCount "106"]
[EventDate "2024.07.08"]
[EventType "team-tourn"]
[EventCountry "HUN"]
[TimeControl "1500+10"]

1. d4 Nf6 2. Nf3 g6 3. g3 Bg7 4. Bg2 O-O 5. O-O d6 6. b3 c5 7. Bb2 Nc6 8. d5 Na5 9. c4 a6 10. Nc3 Rb8 11. Nd2 b5 12. Nce4 bxc4 13. Nxf6+ exf6 14. Bc3 f5 15. Bxg7 Kxg7 16. Nxc4 Nxc4 17. bxc4 Bd7 18. Qc2 Qf6 19. Rab1 a5 20. Rfc1 a4 21. e3 Qe5 22. Bf1 Rb4 23. a3 Rbb8 24. Be2 Rfe8 25. Bd1 Qf6 26. Qd2 Rec8 27. Qa5 Ra8 28. Qc3 Rcb8 29. Qxf6+ Kxf6 30. Kf1 g5 31. Ke2 f4 32. Kf1 fxe3 33. fxe3 Ke5 34. Kf2 Bf5 35. Rxb8 Rxb8 36. Bxa4 Rb2+ 37. Kg1 Be4 38. Bd1 Rg2+ 39. Kf1 Rxh2 40. a4 Ra2 41. Bb3 Ra3 42. Bc2 Rc3 43. Ke2 Bxc2 44. Kd2 Ra3 45. Rxc2 Rxa4 46. Kd3 Ra3+ 47. Ke2 Ke4 48. Rb2 Rxe3+ 49. Kf2 Rf3+ 50. Kg2 g4 51. Rb7 Kd4 52. Rd7 Rf6 53. Rd8 Ke5 0-1

[Event "EUCC Open Blitz 2024"]
[Site "Miskolc"]
[Date "2024.07.13"]
[Round "4.10"]
[White "Ribeiro, Rodrigo"]
[Black "Panait, Robert-Florentin"]
[Result "1-0"]
[ECO "D06"]
[WhiteElo "2181"]
[BlackElo "1696"]
[PlyCount "60"]
[EventDate "2024.07.08"]
[EventType "team-tourn"]
[EventCountry "HUN"]
[TimeControl "1500+10"]

1. d4 d5 2. c4 Nf6 3. Nc3 Bf5 4. Qb3 b6 5. cxd5 e6 6. dxe6 Bxe6 7. Qb5+ Nbd7 8. Nf3 Be7 9. Bf4 O-O 10. e3 a6 11. Qc6 Rc8 12. Bxa6 Nb8 13. Qa4 Nxa6 14. Qxa6 c5 15. dxc5 Rxc5 16. Rd1 Qa8 17. Qxa8 Rxa8 18. O-O h6 19. a3 Rac8 20. Bd6 Bxd6 21. Rxd6 b5 22. Rfd1 Kh7 23. h3 Bb3 24. R1d2 Rxc3 25. bxc3 Ne4 26. Rb2 Nxd6 27. Rxb3 Nc4 28. Rxb5 Nd6 29. Kf1 Ra8 30. Ke2 Kg6 1-0

[Event "EUCC Open Blitz 2024"]
[Site "Miskolc"]
[Date "2024.07.13"]
[Round "4.11"]
[White "Gharibyan, Mamikon"]
[Black "Jellema, Pieter"]
[Result "1-0"]
[ECO "B13"]
[WhiteElo "2492"]
[BlackElo "2006"]
[PlyCount "83"]
[EventDate "2024.07.08"]
[EventType "team-tourn"]
[EventCountry "HUN"]
[TimeControl "1500+10"]

1. e4 c6 2. d4 d5 3. exd5 cxd5 4. Bd3 Nc6 5. c3 Nf6 6. h3 e5 7. dxe5 Nxe5 8. Bb5+ Bd7 9. Bxd7+ Nexd7 10. Nf3 Bd6 11. O-O O-O 12. Re1 Qb6 13. Qb3 Nc5 14. Qc2 Nfe4 15. Be3 Qc7 16. Nbd2 Rfe8 17. Nb3 Ne6 18. Rad1 Rad8 19. a4 b6 20. Nbd4 Nf4 21. Nb5 Qd7 22. Nxd6 Qxd6 23. Bxf4 Qxf4 24. Rd4 Qh6 25. c4 Ng5 26. Rxe8+ Rxe8 27. Nxg5 Qxg5 28. Rxd5 Qf4 29. g3 Qf3 30. Qd1 Qf6 31. b3 h6 32. h4 g6 33. Kg2 Qb2 34. Qf3 Re7 35. h5 g5 36. a5 bxa5 37. Rxa5 Kg7 38. Ra6 Qd4 39. Ra5 Qb2 40. Rf5 a6 41. c5 Rb7 42. Qxb7 1-0

[Event "EUCC Open Blitz 2024"]
[Site "Miskolc"]
[Date "2024.07.13"]
[Round "4.12"]
[White "Broersma, Sven"]
[Black "Manukyan, Artyom"]
[Result "1/2-1/2"]
[ECO "D35"]
[WhiteElo "1945"]
[BlackElo "2155"]
[PlyCount "92"]
[EventDate "2024.07.08"]
[EventType "team-tourn"]
[EventCountry "HUN"]
[TimeControl "1500+10"]

1. d4 d5 2. c4 e6 3. Nc3 Nf6 4. cxd5 exd5 5. Bg5 c6 6. e3 Qb6 7. Qb3 Qxb3 8. axb3 Ne4 9. Nxe4 dxe4 10. Ne2 Be6 11. Nc3 Bxb3 12. Nxe4 Bb4+ 13. Nc3 Nd7 14. Bd3 a5 15. Ke2 a4 16. Ne4 O-O 17. Bf4 Nb6 18. Rhc1 Nd5 19. Bd6 Rfe8 20. Bxb4 Nxb4 21. Nc5 b6 22. Nxb3 axb3 23. Rxa8 Rxa8 24. Rc3 Kf8 25. Rxb3 c5 26. dxc5 bxc5 27. Rc3 Ra2 28. Kf3 Rxb2 29. Be4 Na6 30. Bd3 Nb4 31. Be4 Na6 32. Bd3 Nb4 33. Be2 Nc2 34. Ba6 Ne1+ 35. Kg3 Ra2 36. Bb7 Rb2 37. Bd5 Rd2 38. Rxc5 Nd3 39. Rc8+ Ke7 40. Ra8 Nxf2 41. Ra7+ Kd6 42. Bf3 Ke6 43. Ra6+ Ke7 44. Ra7+ Ke6 45. Ra6+ Ke5 46. Ra7 Nh3 1/2-1/2

[Event "EUCC Open Blitz 2024"]
[Site "Miskolc"]
[Date "2024.07.13"]
[Round "4.13"]
[White "Safar, Sandro"]
[Black "Pribelszky, Bence"]
[Result "0-1"]
[ECO "B06"]
[WhiteElo "2220"]
[BlackElo "2363"]
[PlyCount "102"]
[EventDate "2024.07.08"]
[EventType "team-tourn"]
[EventCountry "HUN"]
[TimeControl "1500+10"]

1. e4 g6 2. d4 Bg7 3. Nf3 d6 4. h3 Nf6 5. Bd3 O-O 6. O-O Nbd7 7. Re1 e5 8. Be3 b6 9. c4 Bb7 10. Nc3 Re8 11. d5 a5 12. a3 Nc5 13. Bc2 a4 14. Bxc5 bxc5 15. Bxa4 Rf8 16. b4 Nh5 17. bxc5 dxc5 18. Bb5 f5 19. a4 Nf4 20. a5 Bc8 21. Kh2 Rf7 22. a6 Qf8 23. a7 c6 24. Bxc6 Raxa7 25. Nb5 Rxa1 26. Qxa1 fxe4 27. Rxe4 Nxg2 28. d6 Rxf3 29. Bd5+ Kh8 30. Rg4 Bxg4 31. hxg4 e4 32. Qa8 Qxa8 33. Bxa8 Nh4 34. d7 Rf8 35. Bxe4 Bf6 36. Nc7 Rd8 37. Bc6 Nf3+ 38. Bxf3 Rxd7 39. Nd5 Bd4 40. Kg3 Rf7 41. Nf4 Be5 42. Kg2 Rxf4 43. Be2 Re4 44. Kf1 Bd4 45. f3 Re3 46. Bd1 h5 47. gxh5 gxh5 48. f4 h4 49. Bg4 h3 50. f5 h2 51. Kg2 Rg3+ 0-1

[Event "EUCC Open Blitz 2024"]
[Site "Miskolc"]
[Date "2024.07.13"]
[Round "4.14"]
[White "Vodila, Martin Botond"]
[Black "Tomulic, Teo"]
[Result "1-0"]
[ECO "B50"]
[WhiteElo "2236"]
[BlackElo "2346"]
[PlyCount "68"]
[EventDate "2024.07.08"]
[EventType "team-tourn"]
[EventCountry "HUN"]
[TimeControl "1500+10"]

1. e4 c5 2. Nf3 d6 3. d4 Nf6 4. Nc3 cxd4 5. Qxd4 Nc6 6. Bb5 Bd7 7. Bxc6 Bxc6 8. Bg5 Qb6 9. Qxb6 axb6 10. Bxf6 gxf6 11. Nd4 e6 12. a3 h5 13. h4 Ke7 14. g3 Bg7 15. Ke2 Rac8 16. Nxc6+ bxc6 17. Rad1 Ra8 18. Rd3 Rhd8 19. Rhd1 Ra5 20. f4 f5 21. exf5 Rxf5 22. Ne4 Rd5 23. b3 Rxd3 24. Rxd3 d5 25. Nd2 b5 26. a4 bxa4 27. bxa4 c5 28. Rb3 Ra8 29. Rb7+ Ke8 30. Nf3 Rxa4 31. Ng5 Ra2 32. Rxf7 Bd4 33. Kd2 Ra3 34. Rh7 Rxg3 1-0

[Event "EUCC Open Blitz 2024"]
[Site "Miskolc"]
[Date "2024.07.13"]
[Round "4.15"]
[White "Budak, Rewi"]
[Black "Spanjer, Joris"]
[Result "1-0"]
[ECO "C56"]
[WhiteElo "2100"]
[BlackElo "1855"]
[PlyCount "161"]
[EventDate "2024.07.08"]
[EventType "team-tourn"]
[EventCountry "HUN"]
[TimeControl "1500+10"]

1. e4 e5 2. Bc4 Nf6 3. d4 exd4 4. Nf3 Nc6 5. Ng5 d5 6. exd5 Ne5 7. Qxd4 Bd6 8. O-O O-O 9. Nc3 Bf5 10. Bf4 Nxc4 11. Qxc4 Bxf4 12. Qxf4 Bxc2 13. Rac1 Bg6 14. Rfd1 Qd7 15. Nf3 Nh5 16. Qh4 Rfe8 17. Qd4 a6 18. Na4 b6 19. Nc3 Rad8 20. h3 Nf6 21. Ne5 Qd6 22. Nc6 Rc8 23. Qc4 b5 24. Qd4 Be4 25. Rd2 Bf5 26. Rcd1 Bd7 27. Nb4 a5 28. Nd3 b4 29. Nb1 Re4 30. Qa7 Rce8 31. g3 Bb5 32. Nf4 Re1+ 33. Kh2 Rxd1 34. Rxd1 Rd8 35. Qd4 Bd7 36. Nd2 h6 37. Nc4 Qe7 38. Nxa5 Bb5 39. Nc6 Bxc6 40. Qc4 Bxd5 41. Nxd5 Nxd5 42. Rxd5 Rxd5 43. Qxd5 c5 44. b3 Kh7 45. Kg2 g6 46. Kf3 Qf6+ 47. Kg2 Qe7 48. Qc4 Kg7 49. Kf3 Qf6+ 50. Qf4 Qc3+ 51. Qe3 Qf6+ 52. Kg2 Qc3 53. Kf3 Qf6+ 54. Ke2 Qb2+ 55. Kf1 Qa1+ 56. Kg2 Qf6 57. Qxc5 Qc3 58. Qe3 Qc6+ 59. Qf3 Qc3 60. Qd5 Qb2 61. h4 Qc3 62. Qe4 Qc5 63. Kf3 Qc3+ 64. Qe3 Qf6+ 65. Ke4 Qe6+ 66. Kd4 Qb6+ 67. Kc4 Qa5 68. Qd4+ Kg8 69. Qd5 Qxa2 70. Qd8+ Kh7 71. Qf6 Qa7 72. Kxb4 Qb7+ 73. Kc3 Qc7+ 74. Kb2 Kg8 75. Qd4 Qb7 76. b4 Qc7 77. Kb3 g5 78. hxg5 hxg5 79. Qc5 Qd7 80. Qxg5+ Kf8 81. Qc5+ 1-0

[Event "EUCC Open Blitz 2024"]
[Site "Miskolc"]
[Date "2024.07.13"]
[Round "9.3"]
[White "Isik, Alparslan"]
[Black "Papp, Levente"]
[Result "1/2-1/2"]
[ECO "D38"]
[WhiteElo "2469"]
[BlackElo "2359"]
[PlyCount "139"]
[EventDate "2024.07.08"]
[EventType "team-tourn"]
[EventCountry "HUN"]
[TimeControl "1500+10"]

1. d4 d5 2. c4 e6 3. Nf3 Nf6 4. Nc3 Bb4 5. Qa4+ Nc6 6. e3 O-O 7. Bd2 a6 8. Qc2 Bd6 9. Rd1 dxc4 10. Bxc4 b5 11. Bb3 Bb7 12. O-O Na5 13. e4 b4 14. e5 bxc3 15. Qxc3 Nxb3 16. Qxb3 Bd5 17. Qd3 Ne4 18. exd6 cxd6 19. b3 Qf6 20. Rfe1 Qf5 21. Rc1 Nxd2 22. Qxf5 Nxf3+ 23. Qxf3 Bxf3 24. gxf3 Rfc8 25. Kf1 Kf8 26. Ke2 Ke7 27. Kd2 Kd7 28. Rxc8 Rxc8 29. Rc1 Rb8 30. Rg1 g6 31. Rg5 d5 32. Rg1 h5 33. Rc1 Rb4 34. Rc5 Rxd4+ 35. Ke3 Rb4 36. Ra5 Rb6 37. Kf4 f6 38. Ke3 Kd6 39. f4 e5 40. fxe5+ fxe5 41. f4 Ke6 42. h4 Kd6 43. fxe5+ Kxe5 44. Kd3 Rd6 45. b4 Kf5 46. a4 Kg4 47. b5 axb5 48. axb5 Rb6 49. Kd4 Kxh4 50. Kc5 Rb8 51. Ra4+ Kh3 52. Ra3+ Kh4 53. Ra4+ Kg3 54. Ra3+ Kg4 55. Ra4+ Kf5 56. Rd4 g5 57. Rxd5+ Kg4 58. Kc6 h4 59. Kc7 Rxb5 60. Rxb5 h3 61. Kd6 h2 62. Rb1 Kh3 63. Rb3+ Kh4 64. Rb8 g4 65. Ke5 g3 66. Kf4 Kh3 67. Rg8 h1=Q 68. Rh8+ Kg2 69. Rxh1 Kxh1 70. Kxg3 1/2-1/2

[Event "EUCC Open Blitz 2024"]
[Site "Miskolc"]
[Date "2024.07.13"]
[Round "9.4"]
[White "Fodor, Balazs"]
[Black "Kamer, Kayra"]
[Result "0-1"]
[ECO "E73"]
[WhiteElo "2247"]
[BlackElo "2316"]
[PlyCount "83"]
[EventDate "2024.07.08"]
[EventType "team-tourn"]
[EventCountry "HUN"]
[TimeControl "1500+10"]

1. d4 Nf6 2. c4 g6 3. Nc3 Bg7 4. e4 d6 5. Be2 O-O 6. Be3 Nc6 7. Nf3 Bg4 8. O-O e5 9. d5 Ne7 10. Ne1 Bxe2 11. Qxe2 Nh5 12. g4 Nf4 13. Bxf4 exf4 14. Nd3 g5 15. f3 Ng6 16. Nd1 Bd4+ 17. Kh1 Kg7 18. Rc1 Rh8 19. N3f2 h5 20. Qd2 Be5 21. gxh5 Rxh5 22. Ng4 Qe7 23. Ndf2 Rah8 24. Nd3 b6 25. Rc2 Rh3 26. Qe2 Qd7 27. b3 Bd4 28. Ndf2 R3h4 29. Qd3 Be5 30. Qe2 a5 31. a4 Kf8 32. Rg1 Ke7 33. Nd3 f6 34. Qf1 Kd8 35. Qe2 Kc8 36. Qf1 Rh3 37. Qe2 Nh4 38. Rf1 Nxf3 39. Rxf3 Qxg4 40. Rf2 f3 41. Qd2 Bg3 42. Qd1 0-1

[Event "EUCC Open Blitz 2024"]
[Site "Miskolc"]
[Date "2024.07.13"]
[Round "9.5"]
[White "Safar, Sandro"]
[Black "Manafov, Vugar"]
[Result "1-0"]
[ECO "B23"]
[WhiteElo "2220"]
[BlackElo "2430"]
[PlyCount "107"]
[EventDate "2024.07.08"]
[EventType "team-tourn"]
[EventCountry "HUN"]
[TimeControl "1500+10"]

1. e4 c5 2. Nc3 e6 3. f4 d5 4. Nf3 Nf6 5. e5 Nfd7 6. d3 Nc6 7. g3 a6 8. Bg2 g6 9. O-O b5 10. Ne2 Be7 11. c3 Bb7 12. d4 Qb6 13. Kh1 a5 14. a3 b4 15. axb4 axb4 16. Rxa8+ Bxa8 17. g4 h5 18. f5 Nf8 19. f6 Bd8 20. g5 c4 21. Qa4 Bb7 22. cxb4 Qxb4 23. Qa1 Bb6 24. Bd2 Qb3 25. Bc3 Nh7 26. Nf4 Kd7 27. Bh3 Kc7 28. Bxe6 fxe6 29. Nxe6+ Kb8 30. Nf4 Nf8 31. e6 Rh7 32. Qe1 Bd8 33. Ne5 Nxe5 34. Qxe5+ Bc7 35. Qe2 Nxe6 36. Nxe6 Bc8 37. f7 Bd6 38. f8=Q Bxf8 39. Nxf8 Bf5 40. Rxf5 Ra7 41. Rf1 Qa4 42. Ne6 Re7 43. Qe5+ Ka7 44. Qd6 Rb7 45. Nd8 Rb6 46. Rf7+ Ka6 47. Qf4 Qd1+ 48. Qf1 Qa4 49. Rf6 Qc2 50. Rxb6+ Kxb6 51. Kg1 h4 52. Qf6+ Kc7 53. Ba5+ Kd7 54. Qe6# 1-0

[Event "EUCC Open Blitz 2024"]
[Site "Miskolc"]
[Date "2024.07.13"]
[Round "9.6"]
[White "Atakishiyev, Elmar"]
[Black "Tomulic, Teo"]
[Result "1-0"]
[ECO "D11"]
[WhiteElo "2356"]
[BlackElo "2346"]
[PlyCount "79"]
[EventDate "2024.07.08"]
[EventType "team-tourn"]
[EventCountry "HUN"]
[TimeControl "1500+10"]

1. d4 Nf6 2. c4 c6 3. Nf3 d5 4. e3 g6 5. Nc3 Bg7 6. h3 O-O 7. cxd5 cxd5 8. Bd3 Nc6 9. O-O Bf5 10. Bxf5 gxf5 11. Bd2 Ne4 12. b3 Rc8 13. Rc1 e6 14. Na4 Kh8 15. Be1 Rg8 16. Nd2 Qg5 17. f4 Qg6 18. Nxe4 fxe4 19. Rf2 Bf6 20. g4 Be7 21. Nc5 b6 22. Nd7 Nb4 23. Ne5 Qg7 24. Rxc8 Rxc8 25. Bxb4 Bxb4 26. Rc2 Rxc2 27. Qxc2 h5 28. Qc8+ Kh7 29. Qe8 hxg4 30. hxg4 Bd2 31. Kf2 f6 32. Qh5+ Kg8 33. Nc6 Qc7 34. Qe8+ Kg7 35. Qxe6 a5 36. Ne7 Bxe3+ 37. Kg2 Qc2+ 38. Kh3 Qf2 39. Qg8+ Kh6 40. Nf5# 1-0

[Event "EUCC Open Blitz 2024"]
[Site "Miskolc"]
[Date "2024.07.13"]
[Round "9.7"]
[White "Kruckenhauser, Arthur"]
[Black "Farkas, Richard"]
[Result "1/2-1/2"]
[ECO "C10"]
[WhiteElo "2340"]
[BlackElo "2233"]
[PlyCount "51"]
[EventDate "2024.07.08"]
[EventType "team-tourn"]
[EventCountry "HUN"]
[TimeControl "1500+10"]

1. e4 e6 2. d4 d5 3. Nd2 dxe4 4. Nxe4 Nd7 5. g3 Ngf6 6. Nxf6+ Qxf6 7. Bg2 Bd6 8. Nf3 O-O 9. O-O e5 10. dxe5 Nxe5 11. Nxe5 Bxe5 12. c3 c6 13. Qf3 Qxf3 14. Bxf3 Be6 15. Be3 Rfd8 16. a3 Bb3 17. Rfe1 Bf6 18. a4 g6 19. a5 a6 20. Bb6 Rd2 21. Re2 Rxe2 22. Bxe2 Re8 23. Bg4 Be6 24. Re1 Kf8 25. Bf3 Be7 26. Kg2 1/2-1/2

[Event "EUCC Open Blitz 2024"]
[Site "Miskolc"]
[Date "2024.07.13"]
[Round "9.8"]
[White "Bartok, David Dominik"]
[Black "Leisch, Lukas"]
[Result "0-1"]
[ECO "C02"]
[WhiteElo "1958"]
[BlackElo "2394"]
[PlyCount "103"]
[EventDate "2024.07.08"]
[EventType "team-tourn"]
[EventCountry "HUN"]
[TimeControl "1500+10"]

1. e4 e6 2. d4 d5 3. e5 c5 4. c3 Nc6 5. Nf3 Qb6 6. Be2 cxd4 7. cxd4 Nh6 8. Nc3 Nf5 9. Na4 Qa5+ 10. Bd2 Bb4 11. Bc3 Bxc3+ 12. bxc3 Bd7 13. g4 Nfxd4 14. Nxd4 Nxd4 15. Qxd4 Qxa4 16. Qb4 Qxb4 17. cxb4 Rc8 18. Bd3 Ke7 19. Kd2 h6 20. Rac1 Rxc1 21. Rxc1 Rc8 22. Rxc8 Bxc8 23. Kc3 Bd7 24. Kd4 b6 25. f4 f6 26. h4 Ba4 27. g5 fxg5 28. fxg5 hxg5 29. hxg5 Be8 30. b5 Bh5 31. a4 Kf7 32. Kc3 Bg6 33. Be2 Kg8 34. Bg4 Bf7 35. g6 Bxg6 36. Bxe6+ Bf7 37. Bd7 Kf8 38. e6 Bh5 39. Kd4 Bf3 40. Ke5 Ke7 41. Bc6 Be4 42. Bb7 Bc2 43. Bxd5 Bxa4 44. Bc4 Bd1 45. Kf5 Bc2+ 46. Ke5 Bb1 47. Bd5 Bd3 48. Bc6 a6 49. bxa6 Bxa6 50. Bd5 b5 51. Bb3 Bc8 52. Kd4 0-1

[Event "EUCC Open Blitz 2024"]
[Site "Miskolc"]
[Date "2024.07.13"]
[Round "9.9"]
[White "Medve, Mark"]
[Black "Gatineau, Yovann"]
[Result "0-1"]
[ECO "D30"]
[WhiteElo "2123"]
[BlackElo "2414"]
[PlyCount "86"]
[EventDate "2024.07.08"]
[EventType "team-tourn"]
[EventCountry "HUN"]
[TimeControl "1500+10"]

1. d4 d5 2. c4 e6 3. cxd5 exd5 4. Nc3 a6 5. Bf4 Nf6 6. e3 Bd6 7. Bxd6 Qxd6 8. Bd3 O-O 9. Nge2 c6 10. h3 a5 11. O-O Na6 12. Rc1 Nc7 13. Nf4 Ne6 14. Nxe6 Bxe6 15. Qf3 Rfe8 16. Rfd1 Bd7 17. a3 g6 18. Na4 Kg7 19. Nc5 Bc8 20. Rb1 b6 21. Na4 Rb8 22. b4 axb4 23. axb4 Bd7 24. Rdc1 Rec8 25. Qe2 h5 26. Qc2 h4 27. Qb3 g5 28. Nc3 g4 29. hxg4 Nxg4 30. Ne2 Qh2+ 31. Kf1 h3 32. Nf4 hxg2+ 33. Nxg2 Qh1+ 34. Ke2 Qxg2 35. Rf1 Re8 36. Rbe1 Rxe3+ 37. Kd2 Rxe1 38. Rxe1 Qxf2+ 39. Re2 Qxd4 40. Qb1 Re8 41. Rxe8 Bxe8 42. Qf1 Qxb4+ 43. Kd1 Ne3+ 0-1

[Event "EUCC Open Blitz 2024"]
[Site "Miskolc"]
[Date "2024.07.13"]
[Round "9.10"]
[White "Houhou, Alexandre"]
[Black "Kovacs, Gabor Etele"]
[Result "1/2-1/2"]
[ECO "C95"]
[WhiteElo "2148"]
[BlackElo "2109"]
[PlyCount "96"]
[EventDate "2024.07.08"]
[EventType "team-tourn"]
[EventCountry "HUN"]
[TimeControl "1500+10"]

1. e4 e5 2. Nf3 Nc6 3. Bb5 a6 4. Ba4 Nf6 5. O-O Be7 6. Re1 b5 7. Bb3 d6 8. c3 O-O 9. h3 Nb8 10. d4 Nbd7 11. c4 Bb7 12. Nc3 c6 13. a3 Qc7 14. Qc2 Rfe8 15. Ne2 exd4 16. Nexd4 c5 17. Nf5 Bf8 18. cxb5 Bxe4 19. Bxf7+ Kxf7 20. Ng5+ Kg8 21. Nxe4 axb5 22. Bf4 Nxe4 23. Rxe4 Nf6 24. Rxe8 Rxe8 25. Qb3+ c4 26. Qxb5 Rb8 27. Qa6 Rxb2 28. Nxd6 Qc5 29. Qxc4+ Qxc4 30. Nxc4 Bc5 31. Be3 Rc2 32. Bxc5 Rxc4 33. Be3 Ra4 34. Bc5 Ne4 35. Bb4 Kf7 36. Re1 Nf6 37. Re7+ Kg6 38. g4 h5 39. gxh5+ Nxh5 40. Re6+ Kf5 41. Re7 g6 42. Rb7 Nf4 43. Rf7+ Ke4 44. Kh2 Ra8 45. Re7+ Kf5 46. Rf7+ Ke4 47. Re7+ Kf5 48. Rf7+ Ke5 1/2-1/2

[Event "EUCC Open Blitz 2024"]
[Site "Miskolc"]
[Date "2024.07.13"]
[Round "9.11"]
[White "Spanjer, Joris"]
[Black "Muha, Miljenko"]
[Result "0-1"]
[ECO "D37"]
[WhiteElo "1855"]
[BlackElo "2245"]
[PlyCount "52"]
[EventDate "2024.07.08"]
[EventType "team-tourn"]
[EventCountry "HUN"]
[TimeControl "1500+10"]

1. d4 d5 2. c4 e6 3. Nf3 Nf6 4. Nc3 a6 5. e3 dxc4 6. Bxc4 b5 7. Bd3 Bb7 8. O-O c5 9. dxc5 Nbd7 10. Qe2 Nxc5 11. Bc2 Be7 12. b4 Nce4 13. Nxe4 Nxe4 14. Bxe4 Bxe4 15. a3 Bd3 16. Qa2 Bxf1 17. Kxf1 Rc8 18. Bd2 Qd3+ 19. Ke1 Bf6 20. Rd1 O-O 21. a4 Rfd8 22. axb5 axb5 23. Qa5 Bc3 24. h3 Bxd2+ 25. Rxd2 Rc1+ 26. Rd1 Qxd1# 0-1